 Dungeon Crawl Stone Soup version 0.31-a0-345-g1ebeae05c6 (webtiles) character file.

Game seed: 64661729256670534

28 promet the Sneak (level 2, -3/15 HPs)
             Began as a Spriggan Brigand on July 23, 2023.
             Slain by a gnoll
             ... wielding a +0 spear
              (6 damage)
             ... on level 2 of the Dungeon.
             The game lasted 00:03:13 (914 turns).

promet the Sneak (Spriggan Brigand)                  Turns: 914, Time: 00:03:14

Health: -3/15      AC:  4    Str:  7    XL:     2   Next: 96%
Magic:  3/3        EV: 16    Int: 12    God:
Gold:   69         SH:  0    Dex: 16    Spells: 1/1 levels left

rFire   . . .        a - +3 dagger
rCold   . . .        (no shield)
rNeg    . . .        b - +0 robe
rPois   .            (helmet restricted)
rElec   .            c - +1 cloak
rCorr   .            (gloves unavailable)
SInv    +            (boots unavailable)
Will    .....        (no amulet)
Stlth   +++          (no ring)
HPRegen 0.22/turn    (no ring)
MPRegen 0.08/turn

%: no passive effects
@: very quick
A: very small, no large weapons, unfitting armour, see invisible, speed 3
a: no special abilities


You were on level 2 of the Dungeon.
You visited 1 branch of the dungeon, and saw 2 of its levels.

You collected 69 gold pieces.

Inventory:

Hand Weapons
 a - a +3 dagger (weapon)
Missiles
 d - 6 poisoned darts (quivered)
 e - 3 curare-tipped darts
 h - 8 stones
Armour
 b - a +0 robe (worn)
 c - a +1 cloak (worn)
Scrolls
 i - a scroll of identify
Potions
 f - 2 potions of brilliance {unknown}
 g - a potion of curing {unknown}


   Skills:
 + Level 1.9 Fighting
 + Level 2.5 Short Blades
 + Level 2.1 Throwing
 + Level 1.6 Dodging
 + Level 6.7 Stealth


You had one spell level left.
You didn't know any spells.
Your spell library contained the following spells:

 Spells                   Type           Power      Damage    Failure   Level
 Magic Dart               Conj           0%         1d3       32%         1
 Searing Ray              Conj           0%         2d4       45%         2
 Fulminant Prism          Conj/Hex       0%         3d5       97%         4


Dungeon Overview and Level Annotations

Branches:
Dungeon (2/15)

Altars:


Innate Abilities, Weirdness & Mutations

You are very small and have problems with some larger weapons.
You are too small for most types of armour.
You have supernaturally acute eyesight. (SInv)
You cover ground extremely quickly. (Speed+++)


Message History

Aim: a gnoll, wielding a +0 spear (61% to hit)
You throw a poisoned dart.
The poisoned dart closely misses the gnoll.
Throw: 8 darts (poison)
Press: ? - help, Q - select action, (/) - cycle Shift-Dir - straight line, f/p - gnoll
Aim: a gnoll, wielding a +0 spear (61% to hit)
You throw a poisoned dart. The poisoned dart hits the gnoll.
Throw: 7 darts (poison)
Press: ? - help, Q - select action, (/) - cycle Shift-Dir - straight line, f/p - gnoll
Aim: a gnoll, wielding a +0 spear (61% to hit)
You throw a poisoned dart.
The poisoned dart closely misses the gnoll.
Found a stone staircase leading down.
There is a stone staircase leading up here.
Found a stone staircase leading up.
The gnoll shouts!
There is a stone staircase leading up here.
The frilled lizard completely misses you.
The gnoll closely misses you.
You climb upwards.
There is a stone staircase leading down here.
You hit the frilled lizard.
You kill the frilled lizard!
There is a stone staircase leading down here.
You climb downwards.
The gnoll hits you from afar with a +0 spear.
There is a stone staircase leading up here.
You completely miss the gnoll. The gnoll closely misses you.
You hit the gnoll.
The gnoll is heavily wounded.
The gnoll hits you with a +0 spear!
Ouch! That really hurt!
You hit the gnoll but do no damage.
The gnoll is heavily wounded.
The gnoll hits you with a +0 spear.
* * * LOW HITPOINT WARNING * * *
You hit the gnoll.
The gnoll is severely wounded.
The gnoll hits you with a +0 spear.
You die...

#...# #.# #...#
##.## #.# ....
#.# ..
####.#######
#...........
#..##.#.####
#########..#....#
#...........g...#
.##.##.#.##@...#
#..#.#.##<.#.#
#.#..#.......#
#.#.####.####
#.###.#.# ...
#...>...# <...
#####.####.....
#.......#.....
#.##.##.#...>.#


You could see a gnoll.

Vanquished Creatures
  An adder (D:2)
  A dart slug (D:1)
  2 endoplasms
  2 giant cockroaches
  3 ball pythons
  2 bats (D:1)
  3 frilled lizards
  A kobold (D:1)
  5 rats
20 creatures vanquished.

Notes
Turn   | Place    | Note
-------+----------+-------------------------------------------
     0 | D:1      | promet the Spriggan Brigand began the quest for the Orb.
     0 | D:1      | Reached XP level 1. HP: 10/10 MP: 2/2
   296 | D:1      | Found a faded altar of an unknown god.
   306 | D:1      | Reached skill level 6 in Stealth
   420 | D:1      | Reached XP level 2. HP: 15/15 MP: 3/3
   914 | D:2      | Slain by a gnoll

Illustrated notes

Levels and vault maps discovered:
D:1:      tarquinn_simple_flora_water_b, layout_loops_ring,
          chequers_ecumenical_altar_simple_redux
D:2:      layout_loops_cross, serial_shops, shop, minmay_hexomino_p4

Skill      XL: |  1 |
---------------+----+-----
Stealth        | 6 |  6.7
Fighting       | |  1.9
Short Blades   | |  2.5
Throwing       | |  2.1
Dodging        | |  1.6

Action                     || total
---------------------------++-------
  Melee: Dagger            ||    50
  Throw: Dart              ||     3
    Use: Scroll            ||     5
   Stab: Sleeping          ||     9
 Armour: Robe              ||     7
  Dodge: Dodged            ||    25

Table legend: (Time is in decaauts)
 A = Elapsed time spent in this place.
 B = Non-inter-level travel time spent in this place.
 C = Inter-level travel time spent in this place.
 D = Time resting spent in this place.
 E = Time spent auto-exploring this place.
 F = Levels seen in this place.
 G = Mean time per level.
                   A        B        C        D        E       F      G
               +--------+--------+--------+--------+--------+-----+--------+
         Total |    622 |    609 |     13 |    104 |    278 |   2 |  311.0 |
       Dungeon |    622 |    609 |     13 |    104 |    278 |   2 |  311.0 |
               +--------+--------+--------+--------+--------+-----+--------+

Top non-repeatable levels by time:
     D:1: 553 daAuts
     D:2: 69 daAuts
